 Dungeon Crawl Stone Soup version 0.18.1-50-g88ac8fd (webtiles) character file.

2614 Peloso the Blocker (level 9, -11/77 (78) HPs)
             Began as a Minotaur Fighter on Oct 16, 2016.
             Was a Believer of Okawaru.
             Mangled by a red ugly thing (14 damage)
             ... on level 10 of the Dungeon.
             The game lasted 00:15:54 (5726 turns).

Peloso the Blocker (Minotaur Fighter)               Turns: 5726, Time: 00:15:55

HP:   -11/77 (78)   AC: 15    Str: 21    XL:     9   Next: 34%
MP:   8/8           EV:  9    Int:  5    God:    Okawaru [**....]
Gold: 303           SH: 11    Dex: 13    Spells: 0 memorised, 8 levels left

rFire  . . .     SeeInvis .     a - +0 long sword
rCold  + . .     Gourm    .     t - +2 chain mail {rC+}
rNeg   . . .     Faith    .     c - +0 shield
rPois  .         Spirit   .     (helmet restricted)
rElec  .         Dismiss  .     j - +0 cloak
rCorr  .         Reflect  .     (no gloves)
SustAt .         Harm     .     n - +0 pair of boots
MR     .....                    (no amulet)
Stlth  ..........               (no ring)
                                (no ring)

@: not resistant to hostile enchantments, extremely unstealthy
A: retaliatory headbutt, horns 2
a: Heroism, Renounce Religion


You were on level 10 of the Dungeon.
You worshipped Okawaru.
Okawaru was pleased with you.
You were not hungry.

You visited 1 branch of the dungeon, and saw 8 of its levels.
You also visited: Sewer.

You collected 303 gold pieces.

Inventory:

Hand Weapons
 a - a +0 long sword (weapon)
Armour
 c - a +0 shield (worn)
 j - a +0 cloak (worn)
 n - a +0 pair of boots (worn)
 t - a +2 chain mail of cold resistance (worn)
Wands
 o - a wand of random effects (30/48)
 u - a wand of teleportation (5/9)
 x - a wand of digging (6/24)
 y - a wand of random effects (11/48)
Scrolls
 e - 2 scrolls of identify
 g - 3 scrolls of remove curse
 k - a scroll of amnesia
 w - 2 scrolls of enchant armour
 z - a scroll of noise {unknown}
 B - a scroll of fog
 D - a scroll of fear
Potions
 b - a potion of magic
 d - 2 potions of might
 l - a potion of haste
 m - a potion of ambrosia
 p - 2 potions of curing
 q - 3 potions of agility {unknown}
 r - a potion of mutation {unknown}
 s - 2 potions of lignification {unknown}
 E - 3 potions of flight {unknown}
Books
 A - a book of Annihilations

   Spells                             Type                      Level
   a - Poison Arrow                   Conjuration/Poison           6
   b - Chain Lightning                Conjuration/Air              8
   c - Lehudib's Crystal Spear        Conjuration/Earth            8
   d - Glaciate                       Conjuration/Ice              9
   e - Fire Storm                     Conjuration/Fire             9
 C - a book of Party Tricks

   Spells                             Type                      Level
   a - Summon Butterflies             Summoning                    1
   b - Apportation                    Translocation                1
   c - Tukima's Dance                 Hexes                        3
   d - Alistair's Intoxication        Transmutation/Poison         5
   e - Invisibility                   Hexes                        6
Comestibles
 f - 3 bread rations
 h - 7 fruits
 i - 3 meat rations
 v - a beef jerky


   Skills:
 + Level 6.6 Fighting
 + Level 7.8 Long Blades
 + Level 8.1 Armour
 + Level 5.0 Dodging
 + Level 0.3 Stealth
 + Level 8.7 Shields


You had 8 spell levels left.
You didn't know any spells.

Dungeon Overview and Level Annotations

Branches:
Dungeon (7/15)             Temple (0/1) D:6

Altars:
Ashenzari
Cheibriados
Dithmenos
Fedhas
Kikubaaqudgha
Okawaru
Ru
Trog
Xom
The Shining One

Shops:
D:4 [   D:5 :   D:6 =


Innate Abilities, Weirdness & Mutations

You reflexively headbutt those who attack you in melee.
You have a pair of horns on your head.


Message History

You hit the red ugly thing.
You headbutt the red ugly thing, but do no damage.
The red ugly thing is moderately wounded.
The red ugly thing gores you.
You are engulfed in flames!
The red ugly thing completely misses you.
You barely miss the red ugly thing.
The red ugly thing is moderately wounded.
The red ugly thing gores you but does no damage.
The phantom blinks!
Your chain mail prevents you from hitting the red ugly thing.
You headbutt the red ugly thing.
The red ugly thing is heavily wounded.
The red ugly thing gores you!
You are engulfed in flames!!
* * * LOW HITPOINT WARNING * * *
You hit the red ugly thing.
The red ugly thing is heavily wounded.
The red ugly thing gores you!
* * * LOW HITPOINT WARNING * * *
You are engulfed in flames!
You die...

....... .....
..... #(..#
##...##
#.....# #...#
#...# ##@##
#u# #..###.###
#.T.....#
#.W###.#..u...
#. .....#.##
.#.##.# #
#.#.# .# # #.#
#


You could see a red ugly thing.

Vanquished Creatures
  A troll (D:10)
  2 ice beasts (D:5)
  An orc warrior (D:6)
  3 phantoms
  2 ogres
  2 eyes of draining (D:5)
  2 centaurs
  A necrophage (D:6)
  4 giant frogs
  3 scorpions
  3 crimson imps
  2 giant frog zombies (D:5)
  2 hounds
  2 orc priests
  Crazy Yiuf (D:5)
  A giant frog skeleton (D:10)
  Jessica (D:3)
  Ijyb (D:3)
  An iguana (D:4)
  2 orc wizards
  4 worker ants
  Terence (D:3)
  A gnoll (D:5)
  8 adders
  4 oozes (Sewer)
  An adder skeleton (D:5)
  10 worms
  4 dart slugs
  7 giant geckos
  15 orcs
  15 bats
  9 giant cockroaches
  9 goblins
  14 hobgoblins
  13 jackals
  5 quokkas
  3 ball pythons
  A ball python zombie (D:5)
  5 giant newts
  11 kobolds
  4 rats
181 creatures vanquished.

Notes
Turn   | Place    | Note
--------------------------------------------------------------
     0 | D:1      | Peloso the Minotaur Fighter began the quest for the Orb.
     0 | D:1      | Reached XP level 1. HP: 19/19 MP: 0/0
   141 | D:1      | Reached XP level 2. HP: 16/27 MP: 1/1
   628 | D:2      | Reached XP level 3. HP: 30/33 MP: 2/2
   897 | D:2      | Found a shimmering altar of Xom.
   981 | D:2      | Found an ancient bone altar of Kikubaaqudgha.
  1268 | D:2      | Reached skill level 1 in Dodging
  1268 | D:2      | Reached XP level 4. HP: 40/40 MP: 3/3
  1278 | D:3      | Noticed Jessica
  1280 | D:3      | Killed Jessica
  1353 | D:3      | Found a blossoming altar of Fedhas.
  1568 | D:3      | Reached XP level 5. HP: 47/47 MP: 4/4
  1620 | D:3      | Noticed Ijyb
  1632 | D:3      | Killed Ijyb
  1651 | D:3      | Reached skill level 5 in Shields
  1666 | D:3      | Noticed Terence
  1679 | D:3      | Killed Terence
  2141 | D:4      | Reached XP level 6. HP: 52/53 MP: 5/5
  2149 | D:4      | Reached skill level 5 in Armour
  2374 | D:4      | Found a shattered altar of Ashenzari.
  2374 | D:4      | Found a shadowy altar of Dithmenos.
  2374 | D:4      | Found a sacrificial altar of Ru.
  2513 | D:4      | Reached skill level 5 in Fighting
  2513 | D:4      | Reached XP level 7. HP: 35/61 MP: 6/6
  2666 | D:4      | Found Lixaisak's Armour Shop.
  3261 | D:5      | Entered Level 5 of the Dungeon
  3339 | D:5      | Found a glowing drain.
  3405 | Sewer    | Entered a sewer
  3513 | Sewer    | Reached skill level 5 in Long Blades
  4215 | D:5      | Found a bloodstained altar of Trog.
  4220 | D:5      | Reached XP level 8. HP: 70/70 MP: 1/7
  4686 | D:5      | Found an iron altar of Okawaru.
  4704 | D:5      | Became a worshipper of Warmaster Okawaru
  4886 | D:5      | Found Guv Fatt's Book Boutique.
  4899 | D:5      | Reached * piety under Okawaru
  4944 | D:5      | Noticed Crazy Yiuf
  4948 | D:5      | Killed Crazy Yiuf
  5128 | D:6      | Found a staircase to the Ecumenical Temple.
  5231 | D:6      | Reached XP level 9. HP: 67/75 MP: 8/8
  5324 | D:6      | Found a snail-covered altar of Cheibriados.
  5473 | D:6      | Found Zusana's Jewellery Emporium.
  5653 | D:7      | Found a glowing golden altar of the Shining One.
  5695 | D:7      | You fall through a shaft for 3 floors!
  5695 | D:10     | Entered Level 10 of the Dungeon
  5701 | D:10     | Reached skill level 5 in Dodging
  5703 | D:10     | Noticed a red ugly thing
  5703 | D:10     | Noticed a troll
  5715 | D:10     | Killed a troll
  5715 | D:10     | Reached ** piety under Okawaru
  5726 | D:10     | HP: 3/77 [red ugly thing (7)]
  5726 | D:10     | Mangled by a red ugly thing

Skill      XL: |  1  2  3  4  5  6  7  8  9 |
---------------+----------------------------+-----
Fighting       | 4 5 6 |  6.6
Armour         | 4 5 6 7 8 |  8.1
Shields        | 4 5 7 8 |  8.7
Dodging        | 1 2 3 4 5 |  5.0
Long Blades    | 3 4 5 7 |  7.8
Stealth        | |  0.3

Action                   |  1- 3 |  4- 6 |  7- 9 || total
-------------------------+-------+-------+-------++-------
Melee: Long sword        |   115 |   157 |   339 ||   611
       Headbutt          |    14 |    33 |    77 ||   124
Invok: Heroism           |       |       |     1 ||     1
  Use: Scroll            |       |     2 |    15 ||    17
  Eat: Chunk             |     1 |     4 |    12 ||    17
Armor: Scale mail        |    70 |    47 |       ||   117
       Chain mail        |       |    31 |   136 ||   167
Dodge: Dodged            |    44 |    43 |    91 ||   178
Block: Shield            |    74 |    68 |   187 ||   329
